 Dungeon Crawl Stone Soup version 0.22.0-75-g3901e79 (webtiles) character file.

240 shmeve the Chopper (level 5, -10/47 HPs)
             Began as a Draconian Berserker on Sept 14, 2018.
             Was a Priest of Trog.
             Killed by divine providence
             ... invoked by an orc priest
              (13 damage)
             ... on level 4 of the Dungeon.
             The game lasted 00:05:32 (2765 turns).

shmeve the Chopper (Draconian Berserker)            Turns: 2765, Time: 00:05:33

Health: -10/47     AC:  5    Str: 20    XL:     5   Next: 79%
Magic:  5/5        EV: 13    Int:  8    God:    Trog [***...]
Gold:   121        SH:  0    Dex: 10    Spells: 4/4 levels left

rFire    . . .     SeeInvis .   a - +0 hand axe
rCold    . . .     Gourm    .   (no shield)
rNeg     . . .     Faith    +   (armour unavailable)
rPois    .         Spirit   .   (helmet restricted)
rElec    .         Reflect  .   (no cloak)
rCorr    .         Harm     .   (no gloves)
MR       .....                  (no boots)
Stlth    +.........             i - amulet of faith
HPRegen  0.15/turn              (no ring)
MPRegen  0.09/turn              (no ring)

@: no status effects
A: unfitting armour, cold-blooded, AC +5
a: Berserk, Trog's Hand, Renounce Religion


You were on level 4 of the Dungeon.
You worshipped Trog.
Trog was most pleased with you.
You were not hungry.

You visited 1 branch of the dungeon, and saw 4 of its levels.

You collected 121 gold pieces.

Inventory:

Hand Weapons
 a - a +0 hand axe (weapon)
Jewellery
 i - an amulet of faith (around neck)
Scrolls
 e - 2 scrolls of magic mapping {unknown}
 f - 2 scrolls of random uselessness {unknown}
 l - a scroll of fear {unknown}
 n - a scroll of remove curse {unknown}
 p - a scroll of identify {unknown}
Potions
 c - a potion of heal wounds {unknown}
 d - a potion of agility {unknown}
 g - a potion of might {unknown}
 h - 2 potions of haste {unknown}
 j - a potion of invisibility {unknown}
 k - a potion of magic {unknown}
 m - a potion of flight {unknown}
 o - 2 potions of lignification {unknown}
 q - 2 potions of curing {unknown}
Comestibles
 b - 3 rations
 r - 2 chunks of flesh


   Skills:
 + Level 4.3 Fighting
 + Level 4.9 Axes
 + Level 3.9 Dodging
 + Level 1.0 Stealth


You had 4 spell levels left.
You didn't know any spells.
Your spell library was empty.

Dungeon Overview and Level Annotations

Branches:
Dungeon (4/15)
 Temple: D:4-7

Altars:


Innate Abilities, Weirdness & Mutations

Your plain brown scales are hard. (AC +5)
You cannot fit into any form of body armour.
You are cold-blooded and may be slowed by cold attacks.


Message History

Unknown command.
The orc priest mumbles some strange prayers to Beogh against you.
Beogh smites you!
Things that are here:
a chunk of flesh; an adder skeleton
r - 2 chunks of flesh (gained 1)
The orc priest calls down the wrath of Beogh upon you.
Pain shoots through your body!
* * * LOW HITPOINT WARNING * * *
The orc priest hits you with a short sword!
* * * LOW HITPOINT WARNING * * *
You hit the orc priest but do no damage.
The orc priest barely misses you.
You closely miss the orc priest.
Your tail-slap misses the orc priest.
The orc priest hits you but does no damage.
You closely miss the orc priest. The orc priest misses you.
You hit the orc priest but do no damage.
The orc priest mumbles some strange prayers to Beogh against you.
Beogh smites you!
You die...

###.#
#.#######.#.# ..
.##.#
#.........#.##...
..#.#
########.........
....#
...##.#......
..###
#.#...###..# .##
#........... ##
###รท..##...#
##......).
#@###...#
#o......#
#.####### #.# #.#
#.# #.# ...


You could see an orc priest.

Vanquished Creatures
  A water moccasin skeleton (D:4)
  A howler monkey (D:4)
  Natasha (D:2)
  A hound skeleton (D:4)
  3 gnolls (D:3)
  3 adders
  An ooze (D:3)
  A dart slug (D:3)
  An orc (D:3)
  8 bats
  6 giant cockroaches
  5 goblins
  11 hobgoblins
  A quokka (D:4)
  2 ball pythons (D:3)
  3 frilled lizards (D:1)
  3 kobolds
  3 rats
55 creatures vanquished.

Notes
Turn   | Place    | Note
-------+----------+-------------------------------------------
     0 | D:1      | shmeve the Draconian Berserker began the quest for the Orb.
     0 | D:1      | Reached XP level 1. HP: 19/19 MP: 1/1
   457 | D:1      | Reached XP level 2. HP: 26/26 MP: 2/2
  1072 | D:2      | Noticed Natasha
  1077 | D:2      | Killed Natasha
  1077 | D:2      | Reached ** piety under Trog
  1077 | D:2      | Reached XP level 3. HP: 31/31 MP: 3/3
  1696 | D:3      | Reached XP level 4. HP: 36/40 MP: 4/4
  2474 | D:4      | Reached XP level 5. HP: 30/46 MP: 5/5
  2588 | D:4      | Reached *** piety under Trog
  2739 | D:4      | Reached skill level 1 in Stealth
  2761 | D:4      | HP: 2/47 [orc priest/short sword (9)]
  2765 | D:4      | Killed from afar by an orc priest

Skill      XL: |  1  2  3  4  5 |
---------------+----------------+-----
Dodging        | 3 |  3.9
Axes           | 4 |  4.9
Fighting       | 4 |  4.3
Stealth        | 1 |  1.0

Action                   |  1- 3 |  4- 6 || total
-------------------------+-------+-------++-------
Melee: Hand axe          |    72 |   101 ||   173
       Tailslap          |     6 |    11 ||    17
Invok: Berserk           |     2 |       ||     2
 Stab: Sleeping          |     1 |     1 ||     2
  Eat: Chunk             |     3 |     5 ||     8
Armor: Skin              |    34 |    36 ||    70
Dodge: Dodged            |    81 |    74 ||   155
